 Dungeon Crawl Stone Soup version 0.30-a0-457-g4b7bca3bfa (webtiles) character file.

Game seed: 4366249721533819724

394 arthad the Firebug (level 6, -3/44 HPs)
             Began as a Gnoll Fire Elementalist on Dec 12, 2022.
             Slain by a wight
             ... wielding a +3 falchion
              (9 damage)
             ... on level 4 of the Dungeon.
             The game lasted 00:08:28 (3191 turns).

arthad the Firebug (Gnoll Fire Elementalist)        Turns: 3191, Time: 00:08:29

Health: -3/44      AC:  5    Str: 13    XL:     6   Next: 81%
Magic:  9/14       EV: 13    Int: 17    God:
Gold:   187        SH:  0    Dex: 12    Spells: 4/16 levels left

rFire   + . .      SeeInvis .    r - staff of fire
rCold   . . .      Faith    .    (no shield)
rNeg    . . .      Spirit   .    a - +0 robe
rPois   .          Reflect  .    n - +0 helmet
rElec   .          Harm     .    (no cloak)
rCorr   .          Rampage  .    (no gloves)
Will    +....                    g - +1 pair of boots
Stlth   +++.......               (no amulet)
HPRegen 0.27/turn                d - ring of willpower
MPRegen 0.14/turn                k - +6 ring of strength

@: no status effects
A: fangs 1, strong nose, distributed training
a: no special abilities


You were on level 4 of the Dungeon.
You visited 1 branch of the dungeon, and saw 4 of its levels.

You collected 187 gold pieces.

Inventory:

Armour
 a - a +0 robe (worn)
 g - a +1 pair of boots (worn)
 n - a +0 helmet (worn)
Magical Staves
 r - a staff of fire (weapon)
Jewellery
 d - a ring of willpower (left hand)
 k - a +6 ring of strength (right hand)
Wands
 q - a wand of flame (9)
Scrolls
 c - 4 scrolls of identify
 e - a scroll of teleportation
 i - 3 scrolls of magic mapping
 l - a scroll of immolation {unknown}
 m - a scroll of brand weapon {unknown}
 o - a scroll of enchant armour {unknown}
Potions
 b - a potion of magic
 f - a potion of flight {unknown}
 h - a potion of attraction {unknown}
 j - 6 potions of curing
 p - a potion of mutation {unknown}


   Skills:
 + Level 2.2 Fighting
 + Level 2.2 Short Blades
 + Level 2.2 Long Blades
 + Level 2.2 Axes
 + Level 2.2 Maces & Flails
 + Level 2.2 Polearms
 + Level 2.2 Staves
 + Level 2.2 Ranged Weapons
 + Level 2.2 Throwing
 + Level 2.2 Armour
 + Level 5.1 Dodging
 + Level 4.7 Stealth
 + Level 2.2 Shields
 + Level 2.2 Unarmed Combat
 + Level 5.5 Spellcasting
 + Level 2.8 Conjurations
 + Level 1.8 Hexes
 + Level 1.8 Summonings
 + Level 1.8 Necromancy
 + Level 1.8 Translocations
 + Level 1.8 Transmutations
 + Level 5.7 Fire Magic
 + Level 1.8 Ice Magic
 + Level 1.8 Air Magic
 + Level 1.8 Earth Magic
 + Level 1.8 Poison Magic
 + Level 2.4 Invocations
 + Level 2.2 Evocations


You had 4 spell levels left.
You knew the following spells:

 Your Spells              Type           Power      Damage    Failure   Level
a - Foxfire               Conj/Fire      100%       2x1d9     2%          1
b - Scorch                Fire           72%        2d8       1%          2
c - Inner Flame           Hex/Fire       26%        N/A       9%          3
d - Kindle Blastsparks    Fire/Tloc/Air  44%        2d13      11%         3
e - Vhi's Electric Charg  Tloc/Air       20%        N/A       19%         3

Your spell library contained the following spells:

 Spells                   Type           Power      Damage    Failure   Level
 Ensorcelled Hibernation  Hex/Ice        20%        N/A       10%         2
 Spider Form              Tmut/Pois      10%        N/A       19%         3
 Flame Wave               Conj/Fire      28%        2d9       22%         4
 Anguish                  Hex/Necr       5%         N/A       54%         4
 Arcjolt                  Conj/Air       6%         1d16      82%         5
 Maxwell's Capacitive Co  Air            5%         ∞         100%        8


Dungeon Overview and Level Annotations

Branches:
Dungeon (4/15)
 Temple: D:4-7

Altars:
Ru
Vehumet


Innate Abilities, Weirdness & Mutations

You have very sharp teeth.
Your uncanny sense of smell can sniff out nearby items.
Your experience applies equally to all skills.


Message History

Confirm with . or Enter, or press ? or * to list all spells.
You don't have enough magic to cast this spell.
Unknown command.
The giant cockroach attacks as you move away!
The giant cockroach bites you but does no damage.
The foxfire hits the giant cockroach.
You kill the giant cockroach!
The foxfire hits the wight.
The wight is lightly damaged.
You see here a scroll labelled WON UPI YSEMAN.
Unknown command.
Magic courses through your body.
Casting: Foxfire (safe; 2% risk of failure)
Confirm with . or Enter, or press ? or * to list all spells.
You feel a surge of power!
You conjure some foxfire!
The wight hits you with a +3 flail of freezing!
The wight freezes you. The wight closely misses you.
Casting: Foxfire (safe; 2% risk of failure)
Confirm with . or Enter, or press ? or * to list all spells.
You feel a surge of power!
Flames lash the wight.
You destroy the wight!
The foxfire hits the wight but does no damage.
The wight is lightly damaged.
The foxfire hits the wight.
The wight is moderately damaged.
The wight hits you with a +3 falchion.
You feel drained.
Your life force feels restored.
Unknown command.
Casting: Scorch (safe; 1% risk of failure)
Confirm with . or Enter, or press ? or * to list all spells.
You feel a surge of power!
Flames lash the wight.
The wight is almost destroyed.
The wight's fire resistance burns away.
The wight hits you with a +3 falchion!
* * * LOW HITPOINT WARNING * * *
Unknown command.
Casting: Scorch (safe; 1% risk of failure)
Confirm with . or Enter, or press ? or * to list all spells.
You feel a surge of power!
You conjure some foxfire!
The wight hits you with a +3 falchion!
You die...

,* #..# *, ** ##.# ** * #.##
* #<.# * ##.## ** #..# ,***
##)########### *
,,,****#.)..#....v..#### **
,,,,,*#).##.....@......#***
**,
,,,,..).#*##....vz>.....,,**
**,, *,,....#*
#.....).......,,,***,,,
**....#*
*#.............,,,,*,,,,
*##.#*
*#.............?,,,,,,**,
*..*
#...............,,,,,***,
**,**
*#...............,,,,,* *,
*,,* #................,,,,,*
** **,**
*#............[...,,,,,*


You could see a wight (combustible, ally target).

Vanquished Creatures
  An ogre (D:4)
  2 wights (D:4)
  An orc priest (D:3)
  Natasha (twice) (D:2)
  An orc wizard (D:3)
  Robin (D:3)
  2 adders
  A worm (D:2)
  4 dart slugs
  5 orcs
  8 bats
  3 endoplasms
  A giant cockroach (D:4)
  15 goblins
  3 hobgoblins
  3 kobolds
  3 quokkas
  3 ball pythons
  9 rats
68 creatures vanquished.

Vanquished Creatures (others)
  4 demonic plants (D:1)
  176 foxfires
180 creatures vanquished.

Grand Total: 248 creatures vanquished

Notes
Turn   | Place    | Note
-------+----------+-------------------------------------------
     0 | D:1      | arthad the Gnoll Fire Elementalist began the quest for the
                  | Orb.
     0 | D:1      | Reached XP level 1. HP: 13/13 MP: 6/6
    82 | D:1      | Reached XP level 2. HP: 18/19 MP: 2/7
   951 | D:2      | Found a radiant altar of Vehumet.
   978 | D:2      | Reached skill level 5 in Spellcasting
   978 | D:2      | Reached XP level 3. HP: 25/25 MP: 6/9
  1007 | D:2      | Noticed Natasha
  1012 | D:2      | Killed Natasha
  1013 | D:2      | Reached skill level 1 in Fighting
  1013 | D:2      | Reached skill level 1 in Short Blades
  1013 | D:2      | Reached skill level 1 in Long Blades
  1013 | D:2      | Reached skill level 1 in Axes
  1013 | D:2      | Reached skill level 1 in Maces & Flails
  1013 | D:2      | Reached skill level 1 in Polearms
  1013 | D:2      | Reached skill level 1 in Staves
  1013 | D:2      | Reached skill level 1 in Ranged Weapons
  1013 | D:2      | Reached skill level 1 in Throwing
  1013 | D:2      | Reached skill level 1 in Armour
  1013 | D:2      | Reached skill level 1 in Shields
  1013 | D:2      | Reached skill level 1 in Unarmed Combat
  1013 | D:2      | Reached skill level 1 in Invocations
  1013 | D:2      | Reached skill level 1 in Evocations
  1273 | D:2      | Reached XP level 4. HP: 32/32 MP: 8/11
  1504 | D:2      | Noticed Natasha
  1508 | D:2      | Killed Natasha
  1509 | D:2      | Reached skill level 1 in Hexes
  1509 | D:2      | Reached skill level 1 in Summonings
  1509 | D:2      | Reached skill level 1 in Necromancy
  1509 | D:2      | Reached skill level 1 in Translocations
  1509 | D:2      | Reached skill level 1 in Transmutations
  1509 | D:2      | Reached skill level 1 in Ice Magic
  1509 | D:2      | Reached skill level 1 in Air Magic
  1509 | D:2      | Reached skill level 1 in Earth Magic
  1509 | D:2      | Reached skill level 1 in Poison Magic
  1512 | D:2      | Learned a level 2 spell: Scorch
  1516 | D:2      | Learned a level 3 spell: Inner Flame
  1520 | D:2      | Learned a level 3 spell: Kindle Blastsparks
  1524 | D:2      | Learned a level 3 spell: Vhi's Electric Charge
  2126 | D:3      | Reached XP level 5. HP: 21/37 MP: 5/12
  2252 | D:3      | Noticed Robin
  2268 | D:3      | Killed Robin
  2513 | D:3      | Found a sacrificial altar of Ru.
  2751 | D:3      | Found a radiant altar of Vehumet.
  3100 | D:4      | Noticed an ogre
  3103 | D:4      | Killed an ogre
  3104 | D:4      | Reached skill level 5 in Dodging
  3104 | D:4      | Reached XP level 6. HP: 44/44 MP: 9/14
  3191 | D:4      | Slain by a wight

Illustrated notes

Levels and vault maps discovered:
D:1:      nzn_arrival_settlement, layout_basic, dreamdust_princess_corridor,
          serial_bayou_pond_e, minmay_cupped
D:2:      layout_basic, basic_altar, uniq_natasha
D:3:      layout_basic, amcnicky_altar_gilded,
          mainiacjoe_overflow_concentric_impassable, serial_aquarium,
          aquarium_bridge_square [aquarium_subvault_bridge,
          aquarium_subvault_bridge, aquarium_subvault_wall,
          aquarium_subvault_bridge], aquarium_bridge_square
          [aquarium_subvault_balcony, aquarium_subvault_bridge,
          aquarium_subvault_window, aquarium_subvault_bridge],
          aquarium_window_fake, aquarium_window_corridor_1,
          aquarium_window_corner, aquarium_window_1, aquarium_view_2f,
          aquarium_view_2f, aquarium_pool_2, uniq_robin
D:4:      layout_cave_pods, kennysheep_mini_moat, gup_ossuary_entry_pyramid

Skill      XL: |  1  2  3  4  5 |
---------------+----------------+-----
Conjurations   | 2 |  2.8
Spellcasting   | 5 |  5.5
Fighting       | 1 2 |  2.2
Short Blades   | 1 2 |  2.2
Long Blades    | 1 2 |  2.2
Axes           | 1 2 |  2.2
Maces & Flails | 1 2 |  2.2
Polearms       | 1 2 |  2.2
Staves         | 1 2 |  2.2
Ranged Weapons | 1 2 |  2.2
Throwing       | 1 2 |  2.2
Armour         | 1 2 |  2.2
Shields        | 1 2 |  2.2
Unarmed Combat | 1 2 |  2.2
Invocations    | 1 2 |  2.4
Evocations     | 1 2 |  2.2
Hexes          | 1 |  1.8
Summonings     | 1 |  1.8
Necromancy     | 1 |  1.8
Translocations | 1 |  1.8
Transmutations | 1 |  1.8
Ice Magic      | 1 |  1.8
Air Magic      | 1 |  1.8
Earth Magic    | 1 |  1.8
Poison Magic   | 1 |  1.8
Dodging        | 5 |  5.1
Stealth        | |  4.7
Fire Magic     | |  5.7

Action                   |  1- 3 |  4- 6 || total
-------------------------+-------+-------++-------
Melee: Unarmed           |     4 |     4 ||     8
       Bite              |     2 |     1 ||     3
       Staff             |       |     3 ||     3
       Punch             |       |     1 ||     1
 Cast: Foxfire           |    39 |    64 ||   103
       Scorch            |       |     9 ||     9
  Use: Scroll            |       |     3 ||     3
       Potion            |       |     1 ||     1
Armor: Robe              |     3 |     8 ||    11
Dodge: Dodged            |     3 |    28 ||    31

Table legend: (Time is in decaauts)
 A = Elapsed time spent in this place.
 B = Non-inter-level travel time spent in this place.
 C = Inter-level travel time spent in this place.
 D = Time resting spent in this place.
 E = Time spent auto-exploring this place.
 F = Levels seen in this place.
 G = Mean time per level.
                   A        B        C        D        E       F      G
               +--------+--------+--------+--------+--------+-----+--------+
         Total |   3188 |   3117 |     71 |     65 |   2587 |   4 |  797.0 |
       Dungeon |   3188 |   3117 |     71 |     65 |   2587 |   4 |  797.0 |
               +--------+--------+--------+--------+--------+-----+--------+

Top non-repeatable levels by time:
     D:2: 1286 daAuts
     D:3: 987 daAuts
     D:1: 824 daAuts
     D:4: 91 daAuts
